 Dungeon Crawl Stone Soup version 0.20.1-1-g8b1a95d (webtiles) character file.

7973 McKennaii the Archer (level 11, -4/53 HPs)
             Began as a Spriggan Arcane Marksman on Aug 17, 2017.
             Was an Initiate of Gozag.
             Shot with a sling bullet by Joseph (11 damage)
             ... on level 7 of the Dungeon.
             The game lasted 01:01:03 (20498 turns).

McKennaii the Archer (Spriggan Arcane Marksman)    Turns: 20498, Time: 01:01:05

Health: -4/53      AC:  2    Str:  6    XL:     11   Next: 3%
Magic:  12/19      EV: 22    Int: 16    God:    Gozag
Gold:   594        SH:  0    Dex: 22    Spells: 13/19 levels left

rFire    . . .     SeeInvis +   a - +0 shortbow
rCold    . . .     Gourm    .   (shield currently unavailable)
rNeg     . . .     Faith    .   e - +0 robe
rPois    .         Spirit   .   (helmet restricted)
rElec    .         Reflect  .   (no cloak)
rCorr    .         Harm     .   (gloves unavailable)
MR       +....                  (boots unavailable)
Stlth    +++.......             (no amulet)
Regen    0.2/turn               F - ring of wizardry
MPRegen  0.2/turn               r - +3 ring of dexterity

@: very quick
A: unfitting armour, see invisible, herbivore 3, speed 3, slow metabolism 2
a: Potion Petition, Call Merchant, Bribe Branch, Renounce Religion


You were on level 7 of the Dungeon.
You worshipped Gozag.
Gozag was pleased with you.
You were full.

You visited 2 branches of the dungeon, and saw 10 of its levels.

You collected 1773 gold pieces.
You spent 426 gold pieces at shops.
You paid 753 gold pieces to Gozag.

Inventory:

Hand Weapons
 a - a +0 shortbow (weapon)
 q - a +1 rapier of protection
Missiles
 d - 25 arrows (quivered)
Armour
 e - a +0 robe (worn)
Jewellery
 r - a +3 ring of dexterity (right hand)
 y - a +3 ring of protection
 F - a ring of wizardry (left hand)
Wands
 t - a wand of lightning (0/15)
 E - a wand of confusion (13/48)
 G - a wand of iceblast (0/15)
 H - a wand of paralysis (10/24)
 I - a wand of digging (19/24)
 L - a wand of flame (18/48)
Scrolls
 b - 4 scrolls of identify
 h - 4 scrolls of teleportation
 i - 5 scrolls of magic mapping
 k - 2 scrolls of enchant weapon
 l - 2 scrolls of enchant armour
 m - 2 scrolls of amnesia
 n - 3 scrolls of fear
 s - a scroll of fog
 v - 2 scrolls of recharging
 x - a scroll of blinking {unknown}
 z - 2 scrolls of immolation {unknown}
Potions
 p - 4 potions of mutation
 u - a potion of invisibility
 w - a potion of curing
 A - a potion of agility
 B - a potion of haste
 D - 2 potions of berserk rage {unknown}
 J - a potion of resistance
 K - 2 potions of brilliance {unknown}
Books
 c - a book of Debilitation

   Spells                             Type                      Level
   a - Corona                         Hexes                        1
   b - Slow                           Hexes                        2
   c - Inner Flame                    Hexes/Fire                   3
   d - Portal Projectile              Hexes/Translocation          3
   e - Cause Fear                     Hexes                        4
   f - Leda's Liquefaction            Hexes/Earth                  4
 C - a book of Necromancy

   Spells                             Type                      Level
   a - Pain                           Necromancy                   1
   b - Animate Skeleton               Necromancy                   1
   c - Vampiric Draining              Necromancy                   3
   d - Regeneration                   Charms/Necromancy            3
   e - Animate Dead                   Necromancy                   4
   f - Control Undead                 Necromancy                   4
Comestibles
 f - 2 bread rations
 j - 9 fruits
 o - 14 royal jellies


   Skills:
 + Level 4.0 Fighting
 + Level 5.7 Short Blades
 * Level 13.0 Bows
 + Level 5.4 Dodging
 + Level 3.7 Stealth
 + Level 4.7 Spellcasting
 + Level 8.8 Hexes
 + Level 6.1 Translocations
 + Level 5.5 Evocations


You had 13 spell levels left.
You knew the following spells:

 Your Spells              Type           Power        Failure   Level  Hunger
a - Corona                Hex            ####...      1%          1    None
b - Slow                  Hex            ####....     1%          2    ##.....
c - Portal Projectile     Hex/Tloc       ####..       1%          3    ###....


Dungeon Overview and Level Annotations

Branches:
Dungeon (9/15)             Temple (1/1) D:4             Orc (0/2) D:9
   Lair: D:8-11

Altars:
Ashenzari
Cheibriados
Dithmenos
Elyvilon
Fedhas
Gozag
Hepliaklqana
Kikubaaqudgha
Makhleb
Nemelex Xobeh
Okawaru
Qazlal
Ru
Sif Muna
Trog
Uskayaw
Vehumet
Xom
Yredelemnul
Zin
The Shining One

Shops:
D:7 *   D:8 }   D:9 *

Annotations:
D:5 Menkaure
D:7 Joseph
D:8 Goboxel's ghost, novice HuSk; Grum


Innate Abilities, Weirdness & Mutations

You are very small and have problems with some larger weapons.
You are too small for most types of armour.
You have supernaturally acute eyesight. (SInv)
You are a herbivore.
You cover ground extremely quickly.
You need consume almost no food.


Message History

Aim: Joseph, wielding a hunting sling of flaming and wearing a ring mail (almost dead)
You shoot an arrow. The arrow hits Joseph.
Joseph is almost dead.
Firing (i - inventory):
d - 28 arrows (quivered)
Press: ? - help, Shift-Dir - straight line, f/p - Joseph
Aim: Joseph, wielding a hunting sling of flaming and wearing a ring mail (almost dead)
You shoot an arrow. The arrow barely misses Joseph.
Joseph shoots a sling bullet.
The sling bullet closely misses you.
Firing (i - inventory):
d - 27 arrows (quivered)
Press: ? - help, Shift-Dir - straight line, f/p - Joseph
Aim: Joseph, wielding a hunting sling of flaming and wearing a ring mail (almost dead)
You shoot an arrow. The arrow hits Joseph.
Joseph is almost dead.
Firing (i - inventory):
d - 26 arrows (quivered)
Press: ? - help, Shift-Dir - straight line, f/p - Joseph
Aim: Joseph, wielding a hunting sling of flaming and wearing a ring mail (almost dead)
You shoot an arrow. The arrow closely misses Joseph.
Joseph shoots a sling bullet.
The sling bullet hits you!
You die...
Your body crumbles into a pile of gold.

.......[.## #.#.#
.(######.########.#.####
#.....##.)..)...[.#....#
#####.##########....(..#
# #.# #..(...........# #
#.# #.#######.#....# ##
#)###.# ##<#....# <#
#.#...# #.(#....#
.####...### #@##.####
......### ###>##.#
####....## ##.@.##.# #
##....####.(####.#
##..........###.#
###.####.......#
#.####...###.###### ###
#..#.....# #......#
.(#######.#.#(###
#..#####


You could see Joseph.

Vanquished Creatures
  Psyche (D:8)
  2 hornets (D:9)
  Grinder (D:5)
  Prince Ribbit (D:8)
  Sigmund (D:4)
  5 spriggans (D:8)
  6 yaks (D:9)
  A wyvern (D:9)
  2 soldier ants (D:9)
  A black bear (D:8)
  2 orc warriors
  6 sky beasts
  2 ice beasts (D:6)
  A phantom (D:9)
  4 centaurs
  2 wolves (D:8)
  A necrophage (D:8)
  5 ogres
  A crocodile (D:9)
  7 bullfrogs
  3 scorpions
  A water moccasin skeleton (D:5)
  A howler monkey (D:9)
  3 crimson imps
  A centaur zombie (D:8)
  3 jellies
  A bullfrog skeleton (D:7)
  A bullfrog zombie (D:6)
  A centaur skeleton (D:8)
  12 hounds
  7 orc priests
  Jessica (D:3)
  2 iguanas (D:9)
  9 worker ants
  12 orc wizards
  A killer bee zombie (D:7)
  2 howler monkey skeletons
  A worker ant zombie (D:5)
  11 adders
  7 gnolls
  2 shadow imps
  An ooze (D:5)
  An adder zombie (D:5)
  6 adder skeletons
  4 dart slugs
  4 worms
  6 leopard geckos
  37 orcs
  7 giant cockroaches
  7 goblins
  3 hobgoblins
  8 jackals
  7 kobolds
  5 quokkas
  4 ball pythons
  A ball python zombie (D:5)
  7 bats
  6 frilled lizards
  A jackal zombie (D:7)
  A quokka skeleton (D:7)
  A quokka zombie (D:9)
  5 rats
256 creatures vanquished.

Notes
Turn   | Place    | Note
-------+----------+-------------------------------------------
     0 | D:1      | McKennaii the Spriggan Arcane Marksman began the quest for the Orb.
     0 | D:1      | Reached XP level 1. HP: 9/9 MP: 3/3
   197 | D:1      | Reached XP level 2. HP: 11/14 MP: 3/5
   599 | D:1      | Reached skill level 3 in Bows
   953 | D:2      | Found an ancient bone altar of Kikubaaqudgha.
   956 | D:2      | Found a shadowy altar of Dithmenos.
   959 | D:2      | Found a sparkling altar of Nemelex Xobeh.
   977 | D:2      | Reached XP level 3. HP: 14/17 MP: 4/6
  1027 | D:2      | Found an iron altar of Okawaru.
  1754 | D:3      | Reached skill level 4 in Bows
  1920 | D:3      | Reached XP level 4. HP: 12/21 MP: 5/7
  2268 | D:2      | HP: 1/21 [poisoned by an adder]
  2662 | D:3      | Noticed Jessica
  2663 | D:3      | Killed Jessica
  2663 | D:3      | Reached skill level 5 in Bows
  2663 | D:3      | Reached XP level 5. HP: 25/25 MP: 8/8
  2687 | D:3      | Reached skill level 1 in Fighting
  2732 | D:3      | Reached skill level 6 in Bows
  2848 | D:3      | Found a shimmering altar of Xom.
  2865 | D:3      | Learned a level 2 spell: Slow
  2869 | D:3      | Learned a level 3 spell: Portal Projectile
  3022 | D:3      | Reached XP level 6. HP: 29/30 MP: 10/10
  3408 | D:4      | Reached skill level 5 in Hexes
  3612 | D:4      | Noticed Sigmund
  4427 | D:4      | Found a staircase to the Ecumenical Temple.
  4437 | Temple   | Entered the Ecumenical Temple
  4668 | Temple   | Became a worshipper of Gozag Ym Sagoz the Greedy
  4845 | D:4      | Reached skill level 7 in Bows
  5511 | D:4      | Reached skill level 8 in Bows
  5511 | D:4      | Reached XP level 7. HP: 30/33 MP: 11/11
  5963 | D:5      | Entered Level 5 of the Dungeon
  6873 | D:5      | Reached skill level 9 in Bows
  7034 | D:5      | Reached skill level 1 in Stealth
  7034 | D:5      | Reached XP level 8. HP: 39/39 MP: 11/13
  7056 | D:5      | Found a white marble altar of Elyvilon.
  7139 | D:5      | Noticed Grinder
  7161 | D:5      | Paralysed by Grinder for 6 turns
  7173 | D:5      | Killed Grinder
  7173 | D:5      | Reached skill level 10 in Bows
  7380 | D:5      | Found a hazy altar of Hepliaklqana.
  7625 | D:5      | Noticed Menkaure
  8407 | D:6      | Reached skill level 1 in Translocations
  8750 | D:6      | Reached skill level 11 in Bows
  8946 | D:6      | Reached XP level 9. HP: 43/43 MP: 14/14
  9117 | D:6      | Found a snail-covered altar of Cheibriados.
  9500 | D:4      | Killed Sigmund
  9944 | D:7      | Noticed Joseph
 10058 | D:7      | Found Meihaelad's Elemental Accessories.
 10144 | D:7      | Bought a wand of iceblast (6/15) for 140 gold pieces
 10506 | D:7      | Reached skill level 1 in Evocations
 11220 | D:8      | Noticed Grum
 12054 | D:7      | Reached skill level 1 in Short Blades
 13125 | D:8      | Noticed Prince Ribbit
 13194 | D:8      | Killed Prince Ribbit
 13206 | D:8      | Noticed Goboxel's ghost (novice HuSk)
 14455 | D:8      | Bought a wand of lightning (7/15) for 154 gold pieces
 14473 | D:8      | Reached skill level 5 in Translocations
 14482 | D:8      | Reached XP level 10. HP: 33/49 MP: 15/17
 14537 | D:8      | Reached skill level 12 in Bows
 14605 | D:8      | Noticed Psyche
 15723 | D:8      | Killed Psyche
 16645 | D:8      | Reached skill level 5 in Dodging
 17651 | D:9      | Found Bistrut's General Store.
 17690 | D:9      | Bought a wand of iceblast (7/15) for 132 gold pieces
 17916 | D:9      | Reached skill level 5 in Short Blades
 17918 | D:9      | Reached skill level 5 in Evocations
 18570 | D:9      | Found a blossoming altar of Fedhas.
 19021 | D:9      | Paralysed by a hornet for 3 turns
 19407 | D:9      | Reached XP level 11. HP: 26/53 MP: 2/19
 19843 | D:9      | Reached skill level 13 in Bows
 19956 | D:9      | Found a staircase to the Orcish Mines.
 20498 | D:7      | Shot with a sling bullet by Joseph

Skill      XL: |  1  2  3  4  5  6  7  8  9 10 11 |
---------------+----------------------------------+-----
Hexes          | 4 5 6 7 8 |  8.8
Bows           | 3 4 5 6 8 9 11 12 13 | 13.0
Fighting       | 1 2 3 4 |  4.0
Spellcasting   | 2 3 4 |  4.7
Stealth        | 1 3 |  3.7
Translocations | 2 5 6 |  6.1
Evocations     | 3 5 |  5.5
Short Blades   | 3 5 |  5.7
Dodging        | 4 5 |  5.4

Action                   |  1- 3 |  4- 6 |  7- 9 | 10-12 || total
-------------------------+-------+-------+-------+-------++-------
Melee: Rapier            |       |       |   242 |   277 ||   519
       Shortbow          |       |       |    26 |       ||    26
 Fire: Shortbow          |   143 |   237 |   460 |   288 ||  1128
 Cast: Corona            |    40 |    15 |    81 |    32 ||   168
       Portal Projectile |       |     1 |    14 |    12 ||    27
Invok: Potion Petition   |       |       |     1 |       ||     1
       Call Merchant     |       |       |     1 |       ||     1
Evoke: Wand              |       |       |    25 |    25 ||    50
  Use: Scroll            |     4 |       |    10 |     3 ||    17
       Potion            |       |     3 |     1 |     2 ||     6
 Stab: Sleeping          |       |       |     3 |       ||     3
       Paralysed         |       |       |     2 |     2 ||     4
       Distracted        |       |       |     2 |     1 ||     3
       Confused          |       |       |     1 |     1 ||     2
  Eat: Bread ration      |       |     1 |     1 |     2 ||     4
       Fruit             |       |     1 |       |       ||     1
Armor: Robe              |     6 |     4 |    61 |    45 ||   116
Dodge: Dodged            |    48 |    93 |   354 |   300 ||   795
